cohdb
Replays
Latest Replays
All Replays
Popular Replays
Top Player Replays
Match Explorer
How It Works
Community
CoH3 Stats
Reddit
Sign in to upload your games and track your stats! →
Sign in with Steam
Match 42322239
Unlisted
Match 42322239
Overview
Messages
Build Orders
End
Construct Infanterie Kompanie
Pioneer Squad
Grenadier Squad
Grenadier Squad
Grenadier Squad
Construct Luftwaffe Kompanie
221 Scout Car
Pioneer Squad
Jäger Squad
Medical Bunker
Flak 30 Anti-aircraft Gun Team
Support Elements
Wirbelwind Flakpanzer
Wirbelwind Flakpanzer
Selects Breakthrough Battlegroup
Selects Rapid Production
Selects Assault Grenadiers
Selects Breakthrough
Selects Incendiary Bombing Run
Marder III M Tank Destroyer
Marder III M Tank Destroyer
Kettenkrad Recon Vehicle
Selects Blitzkrieg
Wirbelwind Flakpanzer
Construct Panzergrenadier Kompanie
Luftwaffe Officer Quarters
Incendiary Bombing Run
Nebelwerfer 42 Rocket Launcher Team
StuG III G Assault Gun
Selects Tiger Heavy Tank
Incendiary Bombing Run
StuG III G Assault Gun
Pak 40 Anti-tank Gun Team
Pak 40 Anti-tank Gun Team
CrazyDuck
jake
incel_incinerat0r
GodFearer777xboxlive
0
0
Comments
sign in to comment!
No comments posted yet!